 Dungeon Crawl Stone Soup version 0.27-a0-1181-g5f64966fcc (webtiles) character file.

Game seed: 8185923308622691642

7730 Sobieck the Spear-Bearer (level 11, -14/138 HPs)
             Began as a Merfolk Berserker on May 17, 2021.
             Was an Elder of Trog.
             Demolished by a tentacled starspawn (32 damage)
             ... on level 2 of the Abyss.
             The game lasted 00:25:05 (11108 turns).

Sobieck the Spear-Bearer (Merfolk Berserker)       Turns: 11108, Time: 00:25:06

Health: -14/138    AC: 10    Str: 16 (17) XL:     11   Next: 19%
Magic:  7/7        EV:  8    Int:  2      God:    Trog [****..]
Gold:   554        SH:  0    Dex: 13 (14) Spells: 10/10 levels left

rFire    . . .     SeeInvis .   a - +0 halberd {polearm}
rCold    . . .     Faith    .   (shield currently unavailable)
rNeg     . . .     Spirit   .   l - +1 plate armour
rPois    .         Reflect  .   (no helmet)
rElec    .         Harm     .   (no cloak)
rCorr    .         Rampage  .   c - +0 pair of gloves
Will     .....                  n - +1 pair of boots
Stlth    ..........             (no amulet)
HPRegen  0.00/turn              (no ring)
MPRegen  0.10/turn              (no ring)

@: mighty, berserking, diseased, very quick
A: (nimble swimmer 2), mertail, [deformed body], [deterioration 2], [dopey 2],
[low mp 3], [weak 2], [subdued magic 2]
a: Renounce Religion, Berserk, Trog's Hand, Brothers in Arms


You were on level 2 of the Abyss.
You worshipped Trog.
Trog was greatly pleased with you.
You visited 1 branch of the dungeon, and saw 11 of its levels.
You visited the Abyss 1 time.

You collected 554 gold pieces.


Innate Abilities, Weirdness & Mutations

((You are quick and stealthy near water. (Stealth+, EV+, Speed+++)))
Your lower body shifts to a powerful aquatic tail in water.
[Armour fits poorly on your strangely shaped body.]
[Your body often deteriorates upon taking damage.]
[You are very dopey. (Int -4)]
[Your magical capacity is extremely low. (-30% MP)]
[You are very weak. (Str -4)]
[Your spells are easier to cast, but less powerful.]


   Skills:
 + Level 10.8 Fighting
 + Level 13.6 Polearms
 + Level 3.4 Armour
 + Level 12.4 Dodging


You had 10 spell levels left.
You didn't know any spells.
Your spell library contained the following spells:

 Spells                   Type           Power      Damage    Failure   Level
 Animate Armour           Summ/Erth      0%         N/A       100%        4
 Leda's Liquefaction      Hex/Erth       0%         N/A       100%        4
 Bolt of Magma            Conj/Fire/Erth 0%         4d4       100%        5
 Iron Shot                Conj/Erth      0%         9d1       100%        6
 Statue Form              Tmut/Erth      0%         N/A       100%        6
 Shatter                  Erth           0%         3d5*      100%        9

Inventory:

Hand Weapons
 a - a +0 halberd (weapon) {polearm}
   (You took it off a gnoll on level 3 of the Dungeon)
 b - a +2 vorpal long sword {long}
   (You found it on level 8 of the Dungeon)
 k - a +4 war axe {axe}
   (You took it off an orc on level 7 of the Dungeon)
 q - a +1 spear {polearm}
 u - a +1 whip of freezing {mace}
   (You took it off Pikel on level 3 of the Dungeon)
 x - a +3 scimitar of flaming {long}
   (You took it off Erica on level 8 of the Dungeon)
 C - a +2 short sword of venom {short}
   (You took it off a kobold on level 4 of the Dungeon)
 D - a +3 battleaxe {axe}
   (You took it off an orc warrior on level 6 of the Dungeon)
 E - a +0 dagger of speed {short}
   (You took it off an orc wizard on level 7 of the Dungeon)
 I - a +2 war axe of venom {axe}
   (You found it on level 5 of the Dungeon)
 L - a +1 trident of flaming {polearm}
   (You took it off an orc on level 6 of the Dungeon)
 M - a +3 dagger of draining {short}
   (You found it on level 6 of the Dungeon)
Missiles
 e - 312 stones {throwing}
 h - 19 sling bullets
 i - 70 bolts
 r - 14 javelins {throwing}
 s - 66 arrows
 t - 4 curare-tipped darts {=fthrowing}
 v - 4 boomerangs {throwing}
 z - 49 poisoned darts {throwing}
 G - 2 throwing nets {=f!fthrowing}
Armour
 c - a +0 pair of gloves (worn)
   (You found it on level 1 of the Dungeon)
 l - a +1 plate armour (worn)
   (You found it on level 2 of the Dungeon)
 n - a +1 pair of boots (worn)
   (You found it on level 2 of the Dungeon)
Wands
 w - a wand of flame (14)
   (You found it on level 7 of the Dungeon)
Scrolls
 g - 2 scrolls of enchant weapon
 j - 4 scrolls of identify {@r1}
 p - 2 scrolls of vulnerability {!r!r}
 y - a scroll of magic mapping {!r}
 A - 5 scrolls of teleportation {@r4}
 B - a scroll of silence {!r}
Potions
 d - a potion of magic
 f - 2 potions of ambrosia
 m - a potion of resistance
 o - a potion of brilliance
 F - a potion of haste {@q3}
 H - 2 potions of mutation {!q}
 J - 3 potions of curing {@q1}
 K - a potion of attraction {!q}
 O - a potion of flight

Dungeon Overview and Level Annotations

Branches:
Dungeon (11/15)            Temple (0/1) D:4            Lair (0/6) D:8
    Orc: D:9-12

Altars:
Ashenzari
Fedhas
Hepliaklqana
Makhleb
Nemelex Xobeh
Okawaru
Wu Jian
Xom

Annotations:
D:4 exclusion: downstairs
D:9 Erolcha

# ##+## .. ####
.... ... #. ..#
... . # # .#..
.. .... #.
..#.#.. #. #
.....# # . .# #
# ## ..#... .. #
....##w###.≈...
. . ..
#....wX@..#. ..#
.
#..#.###x#≈.≈≈..
. # # #. ## #≈≈≈
. . .≈. . . .# .


You could see a tentacled starspawn, an ancient zyme and 2 starspawn tentacles.


Message History

You impale the small abomination!! The small abomination hits you!
* * * LOW HITPOINT WARNING * * *
😨 HP[-9]
You take 9 damage, and now have 40/92 hp.
You slice the small abomination!!
You destroy the small abomination!
Trog accepts your kill.
You start resting.
An ancient zyme comes into view.
You feel yourself growing ill in the presence of the ancient zyme. 😮 HP[+7]
You regained 7 hp, and now have 47/92 hp.
The ancient zyme hits you but does no damage.
The ancient zyme barely misses you. 😮 HP[+1]
You barely miss the ancient zyme. The ancient zyme barely misses you.
The ancient zyme hits you but does no damage.
You slash the ancient zyme!
The ancient zyme hits you but does no damage. x2
Your plate armour prevents you from hitting the ancient zyme.
You puncture the ancient zyme! The ancient zyme hits you.
* * * LOW HITPOINT WARNING * * *
The ancient zyme hits you but does no damage. 😨 HP[-3]
You take 3 damage, and now have 45/92 hp.
You slash the ancient zyme! The ancient zyme hits you.
* * * LOW HITPOINT WARNING * * *
The ancient zyme hits you.
* * * LOW HITPOINT WARNING * * *
😨 HP[-4]
You take 4 damage, and now have 41/92 hp.
You hit the ancient zyme.
A tentacled starspawn comes into view.
The ancient zyme hits you but does no damage. x2
You feel ill.
You puncture the ancient zyme! The ancient zyme barely misses you.
The ancient zyme closely misses you.
Your plate armour prevents you from hitting the ancient zyme.
Unknown command.
You are too injured to fight recklessly!
You don't know any spells.
Unknown command.
A red film seems to cover your vision as you go berserk!
You feel yourself moving faster!
You feel mighty! The ancient zyme hits you.
* * * LOW HITPOINT WARNING * * *
The ancient zyme hits you but does no damage.
You feel ill. 😨 HP[+17]
You now have 138 max hp (+46).
You regained 17 hp, and now have 58/138 hp.
You hit the tentacled starspawn.
Tentacles burst from the starspawn's body!
A water nymph comes into view.
The ancient zyme completely misses you. The ancient zyme hits you!
* * * LOW HITPOINT WARNING * * *
2 starspawn tentacles come into view. 😨 HP[-7]
You take 7 damage, and now have 51/138 hp.
You hit the tentacled starspawn.
The tentacled starspawn bites you but does no damage.
The tentacled starspawn tentacle-slaps you!
* * * LOW HITPOINT WARNING * * *
😨 HP[-14]
You take 14 damage, and now have 37/138 hp.
You completely miss the tentacled starspawn.
The ancient zyme hits you but does no damage.
The ancient zyme hits you!
* * * LOW HITPOINT WARNING * * *
The starspawn tentacle grabs you.
The starspawn tentacle constricts you. 😱 HP[-7]
You take 7 damage, and now have 30/138 hp.
You puncture the tentacled starspawn!
The starspawn tentacle loses its grip on you.
The tentacled starspawn barely misses you.
The tentacled starspawn closely misses you.
The ancient zyme hits you!
* * * LOW HITPOINT WARNING * * *
The ancient zyme completely misses you. 😱 HP[-10]
You take 10 damage, and now have 20/138 hp.
You hit the tentacled starspawn but do no damage.
The starspawn tentacle grabs you. The starspawn tentacle constricts you.
You barely miss the tentacled starspawn.
The starspawn tentacle loses its grip on you.
The tentacled starspawn bites you.
* * * LOW HITPOINT WARNING * * *
The tentacled starspawn tentacle-slaps you but does no damage.
The ancient zyme hits you but does no damage.
The ancient zyme completely misses you. 😱 HP[-2]
You take 2 damage, and now have 18/138 hp.
You hit the tentacled starspawn but do no damage.
The starspawn tentacle grabs you. The starspawn tentacle constricts you.
You barely miss the tentacled starspawn.
The starspawn tentacle loses its grip on you.
The tentacled starspawn bites you!!
You die...

Skill      XL: |  1  2  3  4  5  6  7  8  9 10 11 |
---------------+----------------------------------+-----
Dodging        | 3 4 5 6 7 8 10 12 | 12.4
Polearms       | 5 6 7 8 10 11 13 | 13.6
Fighting       | 4 6 7 9 10 | 10.8
Armour         | 2 3 |  3.4

Action                   |  1- 3 |  4- 6 |  7- 9 | 10-12 || total
-------------------------+-------+-------+-------+-------++-------
Melee: Spear             |   127 |    62 |    27 |       ||   216
       Halberd           |       |    83 |   305 |   278 ||   666
       Tailslap          |       |       |     5 |       ||     5
Invok: Berserk           |     1 |     3 |     6 |     8 ||    18
       Trog's Hand       |       |       |     1 |     1 ||     2
       Brothers in Arms  |       |       |       |     2 ||     2
  Use: Scroll            |     2 |       |       |    21 ||    23
       Potion            |       |       |     3 |     2 ||     5
 Stab: Sleeping          |       |     1 |     3 |       ||     4
Armor: Animal skin       |     5 |       |       |       ||     5
       Ring mail         |    14 |     5 |       |       ||    19
       Leather armour    |       |    28 |    76 |    12 ||   116
       Plate armour      |       |       |       |   109 ||   109
Dodge: Dodged            |    52 |    70 |   207 |   158 ||   487

Levels and vault maps discovered:
D:1:      lemuel_arrival_lava_pool, layout_loops_ring,
          hellmonk_ecumenical_altar_arch_garden, st_stairs_6
D:2:      layout_basic, basic_altar, chequers_serial_rivers_micro_a,
          moated_statue, st_stairs_7
D:3:      layout_loops_ring, amcnicky_altar_gilded,
          nicolae_overflow_crystal_walls, serial_co_window_serial,
          co_window_corner_a, co_window_of_opportunity_a, co_window_paths_a,
          co_window_corner_a, co_window_paths_b, co_window_of_opportunity_a,
          co_window_paths_b, co_window_paths_b, co_window_paths_a,
          co_window_broadway_a, co_window_unsneaky_path_b, glass_columns_a,
          glass_columns_a, glass_columns_b, lightli_sewer_entry_pipes
D:4:      layout_basic, jmf_multi_god_temple2,
          minmay_temple_entry_enclosed_plants, uniq_duvessa, uniq_pikel
D:5:      layout_gridville, kennysheep_okawaru_gauntlet, uniq_menkaure
D:6:      layout_basic, chequers_garden, hangedman_decor_diamond_cutter,
          st_stairs_11, uniq_eustachio, uniq_sigmund, uniq_grinder
D:7:      layout_cave_pools, lemuel_crystal_altar
D:8:      layout_gridville, ashenzari_altar_1, minmay_lair_entry_grove,
          uniq_erica
D:9:      layout_stronghold, chequers_serial_rivers_marsh, uniq_erolcha
D:10:     layout_long_grid, lemuel_doored_altar,
          gammafunk_ghost_wrathful_warriors, enter_trove_5
D:11:     layout_loops_cross, uniq_sonja, uniq_fannar
Abyss:2:  base: D:5, evilmike_abyss_exit_4

Notes
Turn   | Place    | Note
-------+----------+-------------------------------------------
     0 | D:1      | Sobieck the Merfolk Berserker began the quest for the Orb.
     0 | D:1      | Reached XP level 1. HP: 18/18 MP: 1/1
     0 | D:1      | magus.rc [v1.9.6]
   102 | D:1      | Reached skill level 3 in Dodging
   102 | D:1      | Reached XP level 2. HP: 24/24 MP: 2/2
   109 | D:1      | You pick up a book of the Earth {forbidden} and begin
                  | reading...
   109 | D:1      | You add the spells Animate Armour, Leda's Liquefaction,
                  | Bolt of Magma, Statue Form, Iron Shot and Shatter to your
                  | library.
   146 | D:1      | Found a faded altar of an unknown god.
   425 | D:1      | Reached XP level 3. HP: 29/30 MP: 3/3
   684 | D:1      | Reached skill level 5 in Polearms
   982 | D:2      | Reached ** piety under Trog
  1142 | D:3      | Found a sparkling altar of Nemelex Xobeh.
  1219 | D:4      | Noticed a steam dragon
  1271 | D:3      | Reached skill level 4 in Fighting
  1297 | D:2      | Reached skill level 4 in Dodging
  1297 | D:2      | Reached XP level 4. HP: 37/37 MP: 4/4
  1833 | D:2      | Found a shimmering altar of Xom.
  2319 | D:3      | Reached XP level 5. HP: 43/43 MP: 5/5
  2497 | D:3      | Reached skill level 6 in Polearms
  2731 | D:3      | Found a burning altar of Makhleb.
  3297 | D:4      | Noticed a lemure
  3298 | D:4      | Reached skill level 5 in Dodging
  3298 | D:4      | Reached XP level 6. HP: 49/50 MP: 6/6
  3473 | D:4      | Noticed Pikel
  3594 | D:3      | Killed Pikel
  3595 | D:3      | Reached skill level 6 in Fighting
  3595 | D:3      | Reached skill level 7 in Polearms
  3595 | D:3      | Reached skill level 6 in Dodging
  3595 | D:3      | Reached XP level 7. HP: 58/58 MP: 7/7
  3824 | D:3      | Reached skill level 8 in Polearms
  3852 | D:3      | Reached *** piety under Trog
  3965 | D:4      | Killed a steam dragon
  3966 | D:4      | Reached skill level 7 in Dodging
  4095 | D:5      | Entered Level 5 of the Dungeon
  4274 | D:4      | Reached XP level 8. HP: 59/65 MP: 8/8
  4277 | D:5      | Noticed Menkaure
  4400 | D:4      | Noticed Duvessa
  4400 | D:4      | Noticed Dowan
  4416 | D:4      | Killed Duvessa
  4425 | D:4      | Killed Dowan
  4540 | D:4      | Reached skill level 9 in Polearms
  4559 | D:4      | Reached skill level 7 in Fighting
  4570 | D:4      | Reached skill level 8 in Dodging
  4979 | D:4      | Identified the +1 leather armour "Fikkarph" {-Cast Harm Fly
                  | Regen+}
  5061 | D:4      | Found a staircase to the Ecumenical Temple.
  5144 | D:4      | Found a large runed translucent door.
  5145 | D:4      | Found a large runed translucent door.
  5371 | D:4      | Found a blossoming altar of Fedhas.
  5377 | D:4      | Found a hazy altar of Hepliaklqana.
  5473 | D:5      | Killed Menkaure
  5493 | D:5      | Found an iron altar of Okawaru.
  5661 | D:5      | Reached skill level 10 in Polearms
  5661 | D:5      | Reached XP level 9. HP: 71/73 MP: 9/9
  5742 | D:6      | Reached skill level 9 in Dodging
  5755 | D:6      | Noticed Grinder
  5772 | D:5      | Identified the +0 cloak of the Black Moon {-Tele Will++}
  5789 | D:6      | Killed Grinder
  5789 | D:6      | Reached **** piety under Trog
  5790 | D:6      | Reached skill level 8 in Fighting
  6354 | D:6      | Noticed Eustachio
  6397 | D:5      | Killed Eustachio
  6398 | D:5      | Reached skill level 11 in Polearms
  6445 | D:6      | Reached skill level 10 in Dodging
  6887 | D:7      | Reached skill level 9 in Fighting
  7026 | D:6      | Noticed Sigmund
  7032 | D:6      | Killed Sigmund
  7033 | D:6      | Reached XP level 10. HP: 83/83 MP: 10/10
  7316 | D:7      | Reached skill level 12 in Polearms
  7371 | D:7      | Found an ornate altar of the Wu Jian Council.
  7407 | D:7      | Reached skill level 11 in Dodging
  7597 | D:6      | HP: 25/127 [orc warrior/+3 battleaxe (24)]
  7741 | D:7      | Reached skill level 10 in Fighting
  8209 | D:8      | HP: 20/85 [basilisk (4)]
  8239 | D:8      | HP: 16/85 [wyvern (9)]
  8544 | D:8      | Reached skill level 2 in Armour
  8561 | D:8      | HP: 21/85 [yak (4)]
  8566 | D:8      | HP: 18/85 [yak (6)]
  8570 | D:8      | Reached skill level 13 in Polearms
  8572 | D:8      | HP: 19/85 [yak (3)]
  9014 | D:8      | Found a staircase to the Lair.
  9135 | D:8      | Reached skill level 12 in Dodging
  9358 | D:8      | Reached XP level 11. HP: 92/92 MP: 11/11
  9758 | D:8      | Found a broken altar of Ashenzari.
  9833 | D:8      | Noticed Erica
  9840 | D:8      | Killed Erica
  9841 | D:8      | Reached skill level 3 in Armour
 10569 | D:10     | Entered Level 10 of the Dungeon
 10753 | D:9      | Noticed Erolcha
 10756 | D:9      | You are cast into the Abyss!
 10756 | D:9      | Cast into level 2 of the Abyss (Erolcha)
 10766 | Abyss:2  | Noticed a glowing orange brain
 10777 | Abyss:2  | Noticed a wretched star
 10785 | Abyss:2  | Noticed a starcursed mass
 11097 | Abyss:2  | Noticed a tentacled starspawn
 11103 | Abyss:2  | HP: 30/138 [ancient zyme (7)]
 11108 | Abyss:2  | Demolished by a tentacled starspawn

Vanquished Creatures
  Erica (D:8)
  Pikel (D:3)
  Grinder (D:6)
  4 slime creatures (D:7)
  2 wyverns
  A ynoxinul (Abyss:2)
  Eustachio (D:5)
  Sigmund (D:6)
  8 yaks (D:8)
  2 basilisks (D:8)
  2 steam dragons
  Menkaure (D:5)
  Duvessa (D:4)
  A sky beast (D:7)
  3 ice beasts
  An ogre (D:5)
  2 necrophages
  2 centaurs (D:7)
  2 lemures (D:3)
  A kobold brigand (D:9)
  4 bullfrogs
  6 scorpions
  Dowan (D:4)
  5 killer bees (D:4)
  A water moccasin skeleton (D:6)
  A small abomination (Abyss:2)
  A quasit (Abyss:2)
  A centaur zombie (D:9)
  4 centaur skeletons
  3 jellies
  3 hounds
  5 orc priests
  A gnoll shaman (D:6)
  3 iguanas
  6 orc wizards
  6 gnolls
  A howler monkey skeleton (D:7)
  3 river rats (D:3)
  10 adders
  2 shadow imps (D:6)
  A white imp (D:7)
  7 worms
  2 dart slugs
  31 orcs
  9 ball pythons
  2 bats (D:1)
  11 endoplasms
  2 giant cockroaches (D:2)
  8 goblins
  5 hobgoblins
  2 jackals (D:1)
  4 quokkas
  4 frilled lizards
  19 kobolds
  7 rats
219 creatures vanquished.

Vanquished Creatures (collateral kills)
  A basilisk (D:8)
  A water moccasin (D:8)
  An orc warrior (D:6)
3 creatures vanquished.

Vanquished Creatures (others)
  A fungus (D:8)
  11 plants (D:8)
12 creatures vanquished.

Grand Total: 234 creatures vanquished

Table legend:
 A = Non-vault XP
 B = Vault XP
 C = Vault XP percentage of total XP
 D = Non-vault monster count
 E = Vault monster count
 F = Vault count percentage of total count
                 A         B        C        D         E       F
            +---------+---------+-------+---------+---------+-------
      Total |    6381 |    4663 |  42.2 |     179 |      41 |  18.6
            +---------+---------+-------+---------+---------+-------
        D:1 |      38 |       2 |   5.0 |      25 |       1 |   3.8
        D:2 |      80 |       4 |   4.8 |      18 |       2 |  10.0
        D:3 |      98 |     667 |  87.2 |      18 |      12 |  40.0
        D:4 |     738 |     230 |  23.8 |      27 |       4 |  12.9
        D:5 |     615 |     560 |  47.7 |      17 |       6 |  26.1
        D:6 |     798 |     524 |  39.6 |      28 |       3 |   9.7
        D:7 |    2083 |       0 |   0.0 |      21 |       0 |   0.0
        D:8 |    1315 |    2676 |  67.1 |      12 |      13 |  52.0
        D:9 |     282 |       0 |   0.0 |      10 |       0 |   0.0
    Abyss:2 |     334 |       0 |   0.0 |       3 |       0 |   0.0
            +---------+---------+-------+---------+---------+-------

Illustrated notes

Table legend:
 A = Kills in this place as a percentage of kills in entire the game.
 B = Kills by you in this place as a percentage of kills by you in the entire game.
 C = Kills by friends in this place as a percentage of kills by friends in the entire game.
 D = Other kills in this place as a percentage of other kills in the entire game.
 E = Experience gained in this place as a percentage of experience gained in the entire game.
 F = Experience gained in this place divided by the number of levels of this place that you have seen.
                   A       B       C       D       E      F
               +-------+-------+-------+-------+-------+----------------------
         Total | 100.0 | 100.0 | 100.0 |   N/A | 100.0 | 920.3
       Dungeon |  98.6 |  98.6 | 100.0 |   N/A |  97.0 | 973.6
         Abyss |   1.4 |   1.4 |   0.0 |   N/A |   3.0 | 334.0
               +-------+-------+-------+-------+-------+----------------------

Table legend: (Time is in decaauts)
 A = Elapsed time spent in this place.
 B = Non-inter-level travel time spent in this place.
 C = Inter-level travel time spent in this place.
 D = Time resting spent in this place.
 E = Time spent auto-exploring this place.
 F = Levels seen in this place.
 G = Mean time per level.
                   A        B        C        D        E       F      G
               +--------+--------+--------+--------+--------+-----+--------+
         Total |  11210 |  10620 |    590 |   2804 |   5781 |  12 |  934.2 |
       Dungeon |  10858 |  10268 |    590 |   2554 |   5781 |  11 |  987.1 |
         Abyss |    352 |    352 |      0 |    250 |      0 |   1 |  352.0 |
               +--------+--------+--------+--------+--------+-----+--------+

Top non-repeatable levels by time:
     D:8: 2414 daAuts
     D:3: 1956 daAuts
     D:4: 1426 daAuts
     D:2: 1163 daAuts
     D:6: 1039 daAuts
     D:1: 902 daAuts
     D:5: 886 daAuts
     D:7: 710 daAuts
 Abyss:2: 352 daAuts
     D:9: 346 daAuts
    D:10: 10 daAuts
    D:11: 1 daAuts
